 Dungeon Crawl Stone Soup version 0.29-a0-1014-ga8c0faee3b (webtiles) character file.

Game seed: 772758627284871078

38 Ijustatesigmund the Digger (level 3, 0/21 HPs)
             Began as an Octopode Earth Elementalist on Aug 9, 2022.
             Slain by Terence
             ... wielding a +0 short sword
              (3 damage)
             ... on level 2 of the Dungeon.
             The game lasted 00:02:43 (2000 turns).

Ijustatesigmund the Digger (OpEE)                   Turns: 2000, Time: 00:02:44

Health: 0/21       AC:  1    Str:  7    XL:     3   Next: 43%
Magic:  1/7        EV: 13    Int: 19    God:
Gold:   149        SH:  0    Dex: 12    Spells: 1/7 levels left

rFire   . . .      SeeInvis .   g - +0 short sword
rCold   . . .      Faith    .   (no shield)
rNeg    . . .      Spirit   .   (helmet restricted)
rPois   .          Reflect  .   (no amulet)
rElec   .          Harm     .   (no ring)
rCorr   .          Rampage  .   (no ring)
Will    .....                   (no ring)
Stlth   +++.......              (no ring)
HPRegen 0.07/turn               (no ring)
MPRegen 0.10/turn               (no ring)
                                (no ring)
                                (no ring)

@: no status effects
A: almost no armour, amphibious, 8 rings, camouflage 1, gelatinous body 1,
(nimble swimmer 1), tentacles
a: no special abilities


You were on level 2 of the Dungeon.
You visited 1 branch of the dungeon, and saw 2 of its levels.

You collected 149 gold pieces.

Inventory:

Hand Weapons
 g - a +0 short sword (weapon)
Scrolls
 d - a scroll of enchant weapon {unknown}
 e - a scroll of teleportation {unknown}
 h - a scroll of vulnerability {unknown}
 i - a scroll of poison {unknown}
 j - a scroll of fog {unknown}
Potions
 b - a potion of degeneration {unknown}
 c - a potion of attraction
 f - a potion of curing {unknown}


   Skills:
 - Level 2.0 Dodging
 - Level 2.6 Stealth
 + Level 2.8 Spellcasting
 - Level 1.0 Transmutations
 + Level 3.7 Earth Magic


You had one spell level left.
You knew the following spells:

 Your Spells              Type           Power      Damage    Failure   Level
a - Sandblast             Erth           34%        2d9       3%          1
b - Stone Arrow           Conj/Erth      18%        3d8       22%         3
c - Passwall              Tmut/Erth      9%         N/A       9%          2

Your spell library contained the following spells:

 Spells                   Type           Power      Damage    Failure   Level
 Petrify                  Tmut/Erth      11%        N/A       50%         4


Dungeon Overview and Level Annotations

Branches:
Dungeon (2/15)

Altars:

Shops:
D:2 =[

Annotations:
D:2 Terence


Innate Abilities, Weirdness & Mutations

You cannot wear most types of armour.
You are amphibious.
You can wear up to eight rings at the same time.
Your skin changes colour to match your surroundings (Stealth+).
Your rubbery body absorbs attacks. (AC +1, EV +1)
((You are camouflaged when in or above water. (Stealth+)))
You have tentacles for arms and can constrict up to eight enemies at once.


Message History

Aiming: Sandblast (safe; 3% risk of failure)
Press: ? - help, Shift-Dir - straight line, f/p - Terence
Aim: Terence, wielding a +0 short sword, wearing a +0 chain mail of fire resistance and carrying a wand of flame (13) (severely wounded, 87% to hit)
The blast of sand misses Terence.
Terence zaps a wand.
The puff of flame hits you.
Casting: Sandblast (safe; 3% risk of failure)
Confirm with . or Enter, or press ? or * to list all spells.
Aiming: Sandblast (safe; 3% risk of failure)
Press: ? - help, Shift-Dir - straight line, f/p - Terence
Aim: Terence, wielding a +0 short sword, wearing a +0 chain mail of fire resistance and carrying a wand of flame (12) (severely wounded, 87% to hit)
The blast of sand hits Terence but does no damage.
Terence is severely wounded.
Terence hits you but does no damage.
Casting: Sandblast (safe; 3% risk of failure)
Confirm with . or Enter, or press ? or * to list all spells.
Aiming: Sandblast (safe; 3% risk of failure)
Press: ? - help, Shift-Dir - straight line, f/p - Terence
Aim: Terence, wielding a +0 short sword, wearing a +0 chain mail of fire resistance and carrying a wand of flame (12) (severely wounded, 87% to hit)
The blast of sand hits Terence but does no damage.
Terence is severely wounded.
Terence barely misses you.
Terence zaps a wand.
The puff of flame misses you. Magic courses through your body.
Terence zaps a wand.
The puff of flame hits you!
* * * LOW HITPOINT WARNING * * *
Casting: Sandblast (safe; 3% risk of failure)
Confirm with . or Enter, or press ? or * to list all spells.
The spell is extremely dangerous to miscast (22% risk of failure)!
Continue anyway?
Aiming: Stone Arrow (extremely dangerous; 22% risk of failure)
Press: ? - help, Shift-Dir - straight line, f/p - Terence
Aim: Terence, wielding a +0 short sword, wearing a +0 chain mail of fire resistance and carrying a wand of flame (10) (severely wounded, 74% to hit)
The stone arrow misses Terence.
Terence hits you with a +0 short sword.
* * * LOW HITPOINT WARNING * * *
Casting: Stone Arrow (extremely dangerous; 22% risk of failure)
Confirm with . or Enter, or press ? or * to list all spells.
The spell is extremely dangerous to miscast (22% risk of failure)!
Continue anyway?
Aiming: Stone Arrow (extremely dangerous; 22% risk of failure)
Press: ? - help, Shift-Dir - straight line, f/p - Terence
Aim: Terence, wielding a +0 short sword, wearing a +0 chain mail of fire resistance and carrying a wand of flame (10) (severely wounded, 74% to hit)
The stone arrow misses Terence.
Terence hits you with a +0 short sword.
You die...

#.....#......#.#.....#
#####.#.######.#.#####
#.#........#.#
#.##########.#
#............#
#####.######## #.#
#.#####.# #....@@.#
#########


You could see Terence.

Vanquished Creatures
  An adder (D:2)
  2 endoplasms (D:1)
  A giant cockroach (D:2)
  2 goblins
  A hobgoblin (D:2)
  3 jackals (D:1)
  3 quokkas
  2 ball pythons
  4 bats (D:1)
  5 kobolds
  4 rats
28 creatures vanquished.

Notes
Turn   | Place    | Note
-------+----------+-------------------------------------------
     0 | D:1      | Ijustatesigmund the Octopode Earth Elementalist began the
                  | quest for the Orb.
     0 | D:1      | Reached XP level 1. HP: 11/11 MP: 3/3
   268 | D:1      | Reached XP level 2. HP: 9/17 MP: 1/5
  1257 | D:2      | Found a faded altar of an unknown god.
  1316 | D:2      | Reached XP level 3. HP: 20/21 MP: 4/7
  1420 | D:2      | Found Siatog's Jewellery Emporium.
  1428 | D:2      | Found Obirony's Antique Armour Shop.
  1743 | D:2      | Learned a level 3 spell: Stone Arrow
  1746 | D:2      | Learned a level 2 spell: Passwall
  1992 | D:2      | Noticed Terence
  2000 | D:2      | Slain by Terence

Illustrated notes

Levels and vault maps discovered:
D:1:      minmay_arrival_radiant_lines, layout_basic
D:2:      layout_basic, serial_shops, nicolae_shop_stone,
          nicolae_shop_temple_entry_statues_fountains,
          shapermc_ecumenical_altar_starsandcircs,
          nicolae_elevator_lobby_asterisk, uniq_terence

Action                   || total
-------------------------++-------
Melee: Unarmed           ||    19
       Tentacles         ||     3
       Constrict         ||     3
 Cast: Sandblast         ||    37
       Stone Arrow       ||     3
  Use: Scroll            ||     1
       Potion            ||     1
Armor: Skin              ||    10
Dodge: Dodged            ||    42

Table legend: (Time is in decaauts)
 A = Elapsed time spent in this place.
 B = Non-inter-level travel time spent in this place.
 C = Inter-level travel time spent in this place.
 D = Time resting spent in this place.
 E = Time spent auto-exploring this place.
 F = Levels seen in this place.
 G = Mean time per level.
                   A        B        C        D        E       F      G
               +--------+--------+--------+--------+--------+-----+--------+
         Total |   2035 |   2019 |     16 |    573 |   1218 |   2 | 1017.5 |
       Dungeon |   2035 |   2019 |     16 |    573 |   1218 |   2 | 1017.5 |
               +--------+--------+--------+--------+--------+-----+--------+

Top non-repeatable levels by time:
     D:1: 1119 daAuts
     D:2: 916 daAuts
